 Dungeon Crawl Stone Soup version 0.17-a0-1802-g9847487 (webtiles) character file.

1194 Hawklord the Covert (level 8, -3/48 HPs)
             Began as a Kobold Assassin on Sept 11, 2015.
             Slain by an orc warrior
             ... wielding a +0 hand axe
              (12 damage)
             ... on level 6 of the Dungeon.
             The game lasted 00:26:09 (4698 turns).

Hawklord the Covert (Kobold Assassin)               Turns: 4698, Time: 00:26:09

Health: -3/48      AC:  6    Str:  9    XL:     8   Next: 71%
Magic:  8/8        EV: 20    Int:  9    God:
Gold:   245        SH:  0    Dex: 20    Spells: 1 memorised, 4 levels left

rFire  . . .     SeeInvis .     a - +3 dagger
rCold  . . .     Clarity  .     c - +0 robe
rNeg   . . .     SustAt   .     (shield restricted)
rPois  .         Gourm    .     (no helmet)
rElec  .         Spirit   .     d - +0 cloak
rCorr  .         Warding  .     u - +0 pair of gloves
rMut   .         Stasis   .     n - +1 pair of boots
MR     .....                    (no amulet)
Stlth  +++++.....               (no ring)
                                (no ring)

@: not resistant to hostile enchantments, quite stealthy
A: carnivore 3
a: no special abilities


You were on level 6 of the Dungeon.
You were not hungry.

You visited 1 branch of the dungeon, and saw 6 of its levels.

You collected 245 gold pieces.

Inventory:

Hand weapons
 a - a +3 dagger (weapon)
 b - a +0 blowgun
Missiles
 e - 6 poisoned needles
 j - a curare-tipped needle
Armour
 c - a +0 robe (worn)
 d - a +0 cloak (worn)
 n - a +1 pair of boots (worn)
 u - a +0 pair of gloves (worn)
Jewellery
 m - an uncursed amulet of rage
 y - an uncursed ring of positive energy {unknown}
Scrolls
 f - 2 scrolls of identify
 i - a scroll of amnesia
 s - 3 scrolls of remove curse
 w - a scroll of teleportation
 B - a scroll of fear {unknown}
Potions
 h - a potion of beneficial mutation {unknown}
 l - 2 potions of magic {unknown}
 o - 3 potions of flight
 p - a potion of might {unknown}
 q - 2 potions of agility {unknown}
 t - a potion of ambrosia {unknown}
 x - a potion of cancellation {unknown}
 z - a potion of curing {unknown}
 A - a potion of heal wounds {unknown}
Books
 r - a book of the Warp

   Spells                             Type                      Level
   a - Recall                         Summoning/Translocation      3
   b - Gell's Gravitas                Hexes/Translocation          3
   c - Force Lance                    Conjuration/Translocation    4
   d - Phase Shift                    Translocation                5
   e - Warp Weapon                    Charms/Translocation         5
   f - Summon Forest                  Summoning/Translocation      5
Comestibles
 g - a meat ration
 k - 3 beef jerkies
 v - a royal jelly


   Skills:
 + Level 4.0 Fighting
 + Level 4.9 Short Blades
 + Level 5.3 Throwing
 + Level 6.1 Dodging
 + Level 10.0 Stealth
 + Level 0.2 Hexes
 + Level 0.4 Translocations


You had 4 spell levels left.
You knew the following spells:

 Your Spells              Type           Power        Failure   Level  Hunger
a - Gell's Gravitas       Hex/Tloc       #.........   94%         3    ####...


Dungeon Overview and Level Annotations

Branches:
Dungeon (6/15)
 Temple: D:4-7

Altars:
Fedhas
Gozag
Makhleb
Nemelex Xobeh
Qazlal
Xom
Yredelemnul


Innate Abilities, Weirdness & Mutations

You are small and have problems with some larger weapons.
You are carnivorous and can eat meat at any time.


Message History

The orc warrior is poisoned.
The orc warrior misses you.
Firing (i - inventory. (,) - cycle):
e - 7 poisoned needles (quivered)
Press: ? - help, Shift-Dir - straight line, f/p - orc warrior
Aim: an orc warrior, wielding a hand axe and wearing a chain mail (lightly wounded, poisoned)
You shoot a poisoned needle.
The poisoned needle hits the orc warrior!
The orc warrior looks even sicker.
The orc warrior is lightly wounded.
The orc warrior hits you with a hand axe!!
* * * LOW HITPOINT WARNING * * *
There is a stone staircase leading up here.
a - a +3 dagger (weapon)
The orc warrior closely misses you.
The orc warrior looks more healthy.
You barely miss the orc warrior.
The orc warrior is almost dead.
You hit the orc warrior but do no damage.
The orc warrior is almost dead.
The orc warrior hits you with a hand axe!
You die...

##################
.<.........o.o.o.#
################o#
.## #@# ..#
##.####... .###
#.......# ...#
#..###### ##o#
#..# #.# #..# #.#
#..# ##.# #..#
..o############..#


You could see an orc warrior and an orc.

Vanquished Creatures
  Grinder (D:5)
  A black bear (D:6)
  3 ogres
  2 scorpions
  2 crimson imps (D:5)
  A giant frog zombie (D:5)
  A jelly (D:5)
  2 hounds
  2 orc priests
  An orc wizard (D:4)
  An iguana (D:4)
  2 worker ants
  5 adders
  7 gnolls (D:2)
  An ooze (D:3)
  2 worms (D:3)
  3 giant geckos
  8 orcs
  4 bats
  5 giant cockroaches
  5 hobgoblins
  7 jackals
  8 kobolds
  2 quokkas (D:4)
  2 ball pythons
  3 giant newts
  9 goblins
  3 quokka skeletons
  9 rats
102 creatures vanquished.

Notes
Turn   | Place    | Note
--------------------------------------------------------------
     0 | D:1      | Hawklord the Kobold Assassin began the quest for the Orb.
     0 | D:1      | Reached XP level 1. HP: 12/12 MP: 1/1
    88 | D:1      | Reached XP level 2. HP: 2/18 MP: 2/2
   401 | D:1      | Reached skill level 6 in Stealth
   484 | D:1      | Reached XP level 3. HP: 20/22 MP: 3/3
   612 | D:1      | Found a sparkling altar of Nemelex Xobeh.
  1033 | D:2      | Found a sparkling altar of Nemelex Xobeh.
  1083 | D:2      | Reached XP level 4. HP: 8/27 MP: 4/4
  1600 | D:3      | Reached skill level 7 in Stealth
  1600 | D:3      | Reached XP level 5. HP: 22/31 MP: 5/5
  2361 | D:2      | Reached XP level 6. HP: 12/36 MP: 6/6
  2443 | D:2      | Found a shimmering altar of Xom.
  2444 | D:2      | Found a burning altar of Makhleb.
  2584 | D:4      | Reached skill level 8 in Stealth
  2621 | D:4      | Reached XP level 7. HP: 19/41 MP: 7/7
  3098 | D:4      | Found an opulent altar of Gozag.
  3102 | D:4      | Found a basalt altar of Yredelemnul.
  3105 | D:4      | Found a stormy altar of Qazlal.
  3116 | D:4      | Found a blossoming altar of Fedhas.
  3396 | D:5      | Entered Level 5 of the Dungeon
  3458 | D:5      | Learned a level 3 spell: Gell's Gravitas
  3718 | D:5      | Noticed Grinder
  3722 | D:5      | Killed Grinder
  3722 | D:5      | Reached skill level 5 in Dodging
  3722 | D:5      | Reached skill level 9 in Stealth
  3722 | D:5      | Reached XP level 8. HP: 47/47 MP: 4/8
  4085 | D:5      | Reached skill level 5 in Throwing
  4517 | D:6      | Reached skill level 10 in Stealth
  4698 | D:6      | Slain by an orc warrior

Vault maps used:
D:1:      minmay_arrival_three_doors, kennysheep_decorative_pillar,
          nemelex_diamond_rough_becter
D:2:      gammafunk_temple_overflow_wave, nemelex_xobeh_ov_fountains_minmay,
          serial_glass, glass_columns_a, glass_columns_b, glass_columns_b,
          glass_columns_a, glass_columns_b, glass_columns_c, minmay_unequal
D:3:      first_bread
D:4:      kennysheep_six_static_rooms, grunt_temple_overflow_open,
          grunt_qazlal_sundering
D:5:      kennysheep_cross_bottleneck, uniq_grinder

Action                   |  1- 3 |  4- 6 |  7- 9 || total
-------------------------+-------+-------+-------++-------
Melee: Dagger            |    67 |   116 |   147 ||   330
 Fire: Blowgun           |    16 |    23 |    21 ||    60
  Use: Scroll            |     4 |     2 |     6 ||    12
       Potion            |     1 |       |       ||     1
 Stab: Sleeping          |    10 |    15 |    11 ||    36
       Distracted        |     2 |       |       ||     2
  Eat: Chunk             |     7 |     4 |     4 ||    15
